 Dungeon Sprint DCSS version 0.31-a0-841-g038b102fc3 (webtiles) character file.

Game seed: 7530937817287822832

3 sircluck the Ruffian (level 1, 0/33 HPs)
             Began as a Troll Berserker on Sept 27, 2023.
             Was a Follower of Trog.
             Slain by an orange demon (10 damage)
             ... in the Dungeon (Sprint VII: "The Pits").
             The game lasted 00:00:06 (30 turns).

sircluck the Ruffian (Troll Berserker)                Turns: 30, Time: 00:00:07

Health: 0/33       AC:  4    Str: 24    XL:     1   Next: 41%
Magic:  0/0        EV: 10    Int:  3    God:    Trog [*.....]
Gold:   0          SH:  0    Dex:  9    Spells: 0/0 levels left

rFire   . .          .
                       - Unarmed
rCold   . . .        (no shield)
rNeg    . . .        a - +0 animal skin
rPois   .            (helmet restricted)
rElec   .            (no cloak)
rCorr   .            (gloves unavailable)
SInv    .            (boots unavailable)
Will    .....        (no amulet) Stlth
                     (no ring)
HPRegen 1.05/turn    (no ring)
MPRegen 0.07/turn

%: no teleportation
@: berserking (expiring), lethally poisoned (0 -> -1), weakened, very quick
A: large, unfitting armour, claws 3, regeneration 1, shaggy fur 1, tough skin 1
a: Renounce Religion, Berserk


You were in the Dungeon.
You worshipped Trog.
Trog was aware of your devotion.
You visited 1 branch

Inventory:

Armour
 a - a +0 animal skin (worn)
Scrolls
 g - a scroll of blinking
Potions
 b - a potion of curing
 c - a potion of heal wounds
 d - a potion of haste
 e - 2 potions of magic
 f - a potion of berserk rage


   Skills:
 + Level 2.8 Fighting
 + Level 2.8 Dodging
 + Level 3.4 Unarmed Combat


You couldn't memorise any spells.
You didn't know any spells.
Your spell library was empty.

Dungeon Overview and Level Annotations

Branches:
Dungeon (1/1)

Altars:


Innate Abilities, Weirdness & Mutations

You are too large for most types of armour.
You have claws for hands.
Your natural rate of healing is unusually fast.
You are covered in fur. (AC +1)
You have tough skin. (AC +1)


Message History

The orange demon poisons you!
You feel very sick.
There is a large open door here.
You claw the orange demon!
The orange demon is lightly wounded.
You feel sick. The orange demon barely misses you.
The orange demon closely misses you.
You barely miss the orange demon.
The orange demon is lightly wounded.
You feel sick. The frilled lizard barely misses you.
The orange demon barely misses you. The orange demon hits you.
You feel your attacks grow feeble.
You scratch the orange demon but do no damage.
The orange demon is lightly wounded.
You feel sick.
You scratch the orange demon.
The orange demon is moderately wounded.
You feel sick.
The orange demon stings you but does no damage.
The orange demon hits you but does no damage.
The frilled lizard bites you.
You scratch the orange demon.
The orange demon is moderately wounded.
You feel sick.
You claw the orange demon!
The orange demon is heavily wounded.
You feel sick. The orange demon closely misses you. x2
The frilled lizard bites you but does no damage.
You barely miss the orange demon.
The orange demon is heavily wounded.
You feel sick. The frilled lizard barely misses you.
The orange demon barely misses you.
The orange demon hits you but does no damage.
You claw the orange demon!
The orange demon is severely wounded.
You feel sick.
You barely miss the orange demon.
The orange demon is severely wounded.
The orange demon stings you!
You die...

+................+
#......#..#......#
#................#
####'#####''######
#.......##''#####
#.......##......#
#.......##......#
#...<...###....##
#.......# ##@'##
#.......# #.4l.#
#.......##......#
##########......+
#......# ##....##
##++##


You could see an orange demon and a frilled lizard.

Vanquished Creatures
  An adder skeleton (D)
1 creature vanquished.

Notes
Turn   | Place    | Note
-------+----------+-------------------------------------------
     0 | D        | sircluck the Troll Berserker began the quest for the Orb.
     0 | D        | Reached XP level 1. HP: 22/22 MP: 0/0
    17 | D        | Noticed an orange demon
    30 | D        | Slain by an orange demon

Illustrated notes

Levels and vault maps discovered:
D:        pitsprint [storerooms_1, entrance_room_1, metal_vault_2, armoury_1,
          mini_pit_1, grid_room_1, main_hall_1, silver_pit, the_coven_2,
          the_vestibule_1, steel_vault_3, golden_pit, hallway_of_sentries,
          crystal_vault_1, iron_vault_1, final_vault]

Action                     || total
---------------------------++-------
  Melee: Unarmed           ||    11
 Invoke: Berserk           ||     1
 Armour: Animal skin       ||     8
  Dodge: Dodged            ||     9

Table legend: (Time is in decaauts)
 A = Elapsed time spent in this place.
 B = Non-inter-level travel time spent in this place.
 C = Inter-level travel time spent in this place.
 D = Time resting spent in this place.
 E = Time spent auto-exploring this place.
 F = Levels seen in this place.
 G = Mean time per level.
                   A        B        C        D        E       F      G
               +--------+--------+--------+--------+--------+-----+--------+
         Total |     25 |     25 |      0 |      0 |     17 |   1 |   25.0 |
       Dungeon |     25 |     25 |      0 |      0 |     17 |   1 |   25.0 |
               +--------+--------+--------+--------+--------+-----+--------+

Top non-repeatable levels by time:
       D: 25 daAuts
